 Dungeon Crawl Stone Soup version 0.21.1-1-g345015fe64 (webtiles) character file.

1985 Gargoyl the Chopper (level 9, -1/73 HPs)
             Began as a Centaur Abyssal Knight on May 26, 2018.
             Was a Priest of Lugonu.
             Slain by a hippogriff (6 damage)
             ... on level 7 of the Dungeon.
             The game lasted 00:10:52 (8223 turns).

Gargoyl the Chopper (Centaur Abyssal Knight)        Turns: 8223, Time: 00:10:53

Health: -1/73      AC: 13    Str: 16    XL:     9   Next: 1%
Magic:  13/13      EV:  5    Int: 11    God:    Lugonu [***...]
Gold:   374        SH:  0    Dex: 11    Spells: 8/8 levels left

rFire    . . .     SeeInvis +   t - +2 war axe (flame)
rCold    . . .     Gourm    .   (no shield)
rNeg     . . .     Faith    .   e - +0 chain mail
rPois    .         Spirit   .   l - +0 helmet
rElec    .         Reflect  .   v - +0 cloak
rCorr    .         Harm     .   i - +1 pair of gloves
MR       +....                  (no barding)
Stlth    ..........             (no amulet)
HPRegen  0.22/turn              b - ring of see invisible
MPRegen  0.13/turn              r - ring of protection from magic

@: very quick
A: large, hooves 3, deformed body, speed 2, tough skin 3
a: Depart the Abyss, Bend Space, Banish, Renounce Religion


You were on level 7 of the Dungeon.
You worshipped Lugonu.
Lugonu was most pleased with you.
You were not hungry.

You visited 1 branch of the dungeon, and saw 7 of its levels.
You visited the Abyss 1 time.

You collected 374 gold pieces.

Inventory:

Hand Weapons
 a - a +3 hand axe
 t - a +2 war axe of flaming (weapon)
Missiles
 s - 3 tomahawks (quivered)
Armour
 e - a +0 chain mail (worn)
 i - a +1 pair of gloves (worn)
 l - a +0 helmet (worn)
 v - a +0 cloak (worn)
Jewellery
 b - a ring of see invisible (left hand)
 r - a ring of protection from magic (right hand)
Wands
 p - a wand of polymorph (29)
 u - a wand of digging (9)
Scrolls
 k - a scroll of identify
 n - a scroll of magic mapping
 o - 4 scrolls of remove curse
 q - a scroll of teleportation
Potions
 f - a potion of cancellation
 g - a potion of ambrosia
 h - 2 potions of brilliance
 m - a potion of haste
 w - a potion of berserk rage
 z - a potion of invisibility {unknown}
Books
 d - Sif Muna's Collected Works on the Compass
   (You found it on level 5 of the Dungeon)

   Spells                             Type                      Level
   a - Apportation                    Translocation                1
 y - a book of Necromancy

   Spells                             Type                      Level
   a - Pain                           Necromancy                   1
   b - Animate Skeleton               Necromancy                   1
   c - Vampiric Draining              Necromancy                   3
   d - Regeneration                   Charms/Necromancy            3
   e - Animate Dead                   Necromancy                   4
   f - Borgnjor's Vile Clutch         Necromancy/Earth             5
Comestibles
 c - 8 rations
 x - 10 chunks of flesh


   Skills:
 + Level 4.8 Fighting
 + Level 6.8 Axes
 * Level 5.2 Armour
 + Level 1.4 Dodging
 * Level 5.4 Invocations


You had 8 spell levels left.
You didn't know any spells.

Dungeon Overview and Level Annotations

Branches:
Dungeon (7/15)             Temple (0/1) D:4

Altars:
Cheibriados
Elyvilon
Fedhas
Gozag
Kikubaaqudgha
Makhleb
Nemelex Xobeh
Okawaru
Qazlal
Ru
Sif Muna
Trog
Vehumet
Xom
Yredelemnul
Zin

Shops:
D:6 [


Innate Abilities, Weirdness & Mutations

You have hooves in place of feet.
Armour fits poorly on your strangely shaped body.
You cover ground very quickly.
You have extremely tough skin. (AC +3)


Message History

* * * LOW HITPOINT WARNING * * *
The hippogriff claws you but does no damage.
The gnoll hits you.
* * * LOW HITPOINT WARNING * * *
The orc hits you but does no damage.
The gnoll hits you from afar with a spear of piercing.
* * * LOW HITPOINT WARNING * * *
x2 The gnoll hits you but does no damage.
The hippogriff bites you.
* * * LOW HITPOINT WARNING * * *
The hippogriff pecks you but does no damage.
The hippogriff claws you but does no damage.
Things that are here:
a club; 10 gold pieces You feel better.
The gnoll hits you from afar with a spear of piercing.
* * * LOW HITPOINT WARNING * * *
x2 The hippogriff barely misses you.
The hippogriff pecks you but does no damage.
The hippogriff claws you.
You die...

....... ##.....##
....... ##.......#
....... #.........
.......###.........
......<.##.........
...................
.......gH..††......
......go@.†........
......###..........
..... #...........
########.#.........
#.....##.#.........
#..............
##..###.......###o
#.##.)##
###.........
#......# #.#......


You could see a hippogriff, 2 gnolls and an orc.

Vanquished Creatures
  A hippogriff (D:7)
  A water moccasin (D:7)
  A sky beast (D:5)
  A black bear (D:7)
  A phantom (D:4)
  An ogre (D:4)
  A centaur (D:5)
  3 scorpions
  A howler monkey (D:4)
  A crimson imp (D:3)
  2 centaur zombies (D:6)
  A hound (D:7)
  3 jellies
  A gnoll shaman (D:7)
  An orc priest (D:5)
  An orc wizard (D:7)
  An iguana (D:3)
  2 worker ants
  A hound zombie (D:6)
  2 hound skeletons (D:5)
  9 gnolls
  14 adders
  2 oozes
  3 worms
  5 dart slugs
  4 leopard geckos
  17 orcs
  6 giant cockroaches
  8 goblins
  3 hobgoblins
  17 jackals
  6 kobolds
  2 quokkas
  4 bats
  12 frilled lizards
  A jackal skeleton (D:4)
  A leopard gecko zombie (D:5)
  A quokka skeleton (D:7)
  A quokka zombie (D:7)
  3 rats
146 creatures vanquished.

Vanquished Creatures (others)
  The ghost of Peloso the Carver, a novice MiFi (D:6)
1 creature vanquished.

Grand Total: 147 creatures vanquished

Notes
Turn   | Place    | Note
-------+----------+-------------------------------------------
     0 | Abyss:1  | Gargoyl the Centaur Abyssal Knight began the quest for the Orb.
     0 | Abyss:1  | Reached XP level 1. HP: 19/19 MP: 2/2
   112 | Abyss:1  | Noticed a starcursed mass
   118 | D:1      | Escaped the Abyss
   651 | D:1      | Reached skill level 2 in Axes
   695 | D:1      | Reached XP level 2. HP: 26/26 MP: 3/3
   828 | D:1      | Reached * piety under Lugonu
  1302 | D:2      | Reached XP level 3. HP: 27/31 MP: 4/4
  1357 | D:2      | Reached skill level 1 in Dodging
  1378 | D:2      | Found a sacrificial altar of Ru.
  1405 | D:2      | Found a faded altar of an unknown god.
  1910 | D:2      | Reached XP level 4. HP: 18/38 MP: 5/5
  1919 | D:2      | Found a white marble altar of Elyvilon.
  1950 | D:2      | Reached skill level 3 in Axes
  2507 | D:2      | Found an opulent altar of Gozag.
  2508 | D:2      | Found a glowing silver altar of Zin.
  2588 | D:3      | Reached ** piety under Lugonu
  2590 | D:3      | Reached XP level 5. HP: 44/45 MP: 6/6
  3602 | D:3      | Found a snail-covered altar of Cheibriados.
  3605 | D:3      | Found a sparkling altar of Nemelex Xobeh.
  3617 | D:3      | Found a basalt altar of Yredelemnul.
  4169 | D:3      | Found a burning altar of Makhleb.
  4172 | D:3      | Found a shimmering altar of Xom.
  4193 | D:3      | Reached XP level 6. HP: 22/52 MP: 8/8
  4389 | D:3      | Found a bloodstained altar of Trog.
  4570 | D:4      | Reached skill level 4 in Axes
  4590 | D:4      | Found a staircase to the Ecumenical Temple.
  4980 | D:4      | Got a dazzling mace
  4981 | D:4      | Identified the +8 mace "Celu Dagg" {crush, rC+ rN+ Str-4} (You found it on level 4 of the Dungeon)
  5048 | D:3      | Found a blossoming altar of Fedhas.
  5048 | D:3      | Found an iron altar of Okawaru.
  5118 | D:4      | Found a stormy altar of Qazlal.
  5128 | D:4      | Reached XP level 7. HP: 43/58 MP: 9/9
  5680 | D:5      | Entered Level 5 of the Dungeon
  5704 | D:5      | Found an ancient bone altar of Kikubaaqudgha.
  5706 | D:5      | Found a deep blue altar of Sif Muna.
  5708 | D:5      | Found a radiant altar of Vehumet.
  5712 | D:5      | Identified Sif Muna's Collected Works on the Compass
  6116 | D:5      | Reached *** piety under Lugonu
  6662 | D:5      | Reached skill level 5 in Axes
  7040 | D:6      | Found Lomamm's Armour Boutique.
  7254 | D:6      | Noticed Peloso's ghost (novice MiFi)
  7280 | D:6      | Banished Peloso's ghost
  7280 | D:6      | Reached XP level 8. HP: 26/67 MP: 6/11
  7975 | D:7      | Reached skill level 6 in Axes
  7975 | D:7      | Reached skill level 5 in Invocations
  8011 | D:7      | Reached skill level 5 in Armour
  8017 | D:7      | Noticed a hippogriff
  8029 | D:7      | Killed a hippogriff
  8209 | D:7      | Noticed a hippogriff
  8216 | D:7      | Reached XP level 9. HP: 57/73 MP: 13/13
  8222 | D:7      | HP: 1/73 [hippogriff (6)]
  8223 | D:7      | Slain by a hippogriff

Skill      XL: |  1  2  3  4  5  6  7  8 |
---------------+-------------------------+-----
Axes           | 2 3 4 5 6 |  6.8
Dodging        | 1 |  1.4
Armour         | 2 3 4 5 |  5.2
Invocations    | 3 4 5 |  5.4
Fighting       | 4 |  4.8

Action                   |  1- 3 |  4- 6 |  7- 9 || total
-------------------------+-------+-------+-------++-------
Melee: Hand axe          |   111 |   202 |    36 ||   349
       Kick              |    14 |    37 |    40 ||    91
       War axe           |       |       |   123 ||   123
Invok: Depart the Abyss  |     1 |       |       ||     1
       Banish            |       |       |     2 ||     2
  Use: Potion            |     3 |     1 |     2 ||     6
       Scroll            |     1 |     9 |     5 ||    15
  Eat: Chunk             |     2 |     7 |     7 ||    16
       Ration            |       |     1 |       ||     1
Armor: Chain mail        |   102 |   140 |   162 ||   404
Dodge: Dodged            |    29 |    44 |    48 ||   121
